 Dungeon Crawl Stone Soup version 0.30-a0-883-g5ad918d77d (console) character file.

Game seed: 864904465980957831

191 Abuh the Trooper (level 5, -3/43 HPs)
             Began as a Demonspawn Fighter on Mar 15, 2023.
             Was an Initiate of Makhleb.
             Slain by a sky beast (5 damage)
             ... on level 3 of the Dungeon.
             The game lasted 00:10:51 (2142 turns).

Abuh the Trooper (Demonspawn Fighter)               Turns: 2142, Time: 00:10:52

Health: -3/43      AC:  6    Str: 18    XL:     5   Next: 41%
Magic:  5/5        EV:  9    Int: 10    God:    Makhleb [......]
Gold:   142        SH:  4    Dex: 12    Spells: 4/4 levels left

rFire   . . .      SeeInvis .    a - +0 flail
rCold   . . .      Faith    .    l - orb {mayhem}
rNeg    . . .      Spirit   .    b - +0 scale mail
rPois   +          Reflect  .    (no helmet)
rElec   .          Rampage  .    (no cloak)
rCorr   .                        (no gloves)
Will    .....                    (no boots) Stlth
                                 (no amulet)
HPRegen 0.27/turn                f - ring of poison resistance
MPRegen 0.09/turn                (no ring)

@: mighty, attractive
A: hooves 1, large bone plates 1, foul stench 1
a: Renounce Religion


You were on level 3 of the Dungeon.
You worshipped Makhleb.
Makhleb was noncommittal.
You visited 1 branch of the dungeon, and saw 3 of its levels.

You collected 142 gold pieces.

Inventory:

Hand Weapons
 a - a +0 flail (weapon)
Armour
 b - a +0 scale mail (worn)
 c - a +0 buckler
 l - an orb of mayhem (worn)
Jewellery
 f - a ring of poison resistance (left hand)
Scrolls
 e - a scroll of teleportation {unknown}
 g - 2 scrolls of noise {unknown}
 i - a scroll of vulnerability {unknown}
 j - a scroll of butterflies {unknown}
 k - 2 scrolls of identify {unknown}
Potions
 h - 2 potions of curing


   Skills:
 + Level 4.8 Fighting
 + Level 3.8 Maces & Flails
 - Level 2.6 Armour
 - Level 2.6 Shields


You had 4 spell levels left.
You didn't know any spells.
Your spell library contained the following spells:

 Spells                   Type           Power      Damage    Failure   Level
 Apportation              Tloc           0%         N/A       77%         1
 Necrotise                Necr           0%         1d4       77%         1
 Summon Small Mammal      Summ           0%         N/A       77%         1


Dungeon Overview and Level Annotations

Branches:
Dungeon (3/15)

Altars:
Kikubaaqudgha
Makhleb
Yredelemnul


Innate Abilities, Weirdness & Mutations

You have large cloven feet.
You are partially covered in large bone plates. (SH +4)
You may rarely emit foul miasma when damaged in melee.


Message History

The sky beast is moderately wounded.
The sky beast hits you. The sky beast shocks you. The sky beast misses you.
You barely miss the sky beast. You kick the sky beast.
The sky beast is heavily wounded.
The sky beast hits you. The sky beast shocks you.
* * * LOW HITPOINT WARNING * * *
You barely miss the sky beast.
The sky beast is heavily wounded.
The sky beast hits you but does no damage.
You hit the sky beast.
You kick the sky beast, but do no damage.
The sky beast is severely wounded.
The sky beast hits you.
* * * LOW HITPOINT WARNING * * *
The sky beast shocks you.
* * * LOW HITPOINT WARNING * * *
It was a potion of curing.
You feel better.
The sky beast hits you but does no damage.
You feel very mighty all of a sudden. The sky beast hits you.
* * * LOW HITPOINT WARNING * * *
The sky beast shocks you.
* * * LOW HITPOINT WARNING * * *
You barely miss the sky beast. Your kick misses the sky beast.
The sky beast is severely wounded.
The sky beast hits you.
* * * LOW HITPOINT WARNING * * *
The sky beast shocks you.
* * * LOW HITPOINT WARNING * * *
It was a potion of attraction.
You feel attractive to monsters. The sky beast barely misses you.
You closely miss the sky beast. Your kick misses the sky beast.
The sky beast is severely wounded.
You block the sky beast's attack.
The sky beast flickers out of sight!
Deactivating autopickup; reactivate with Ctrl-A.
Something hits you.
* * * LOW HITPOINT WARNING * * *
Something shocks you.
You die...

#### ...# ##.# #.#
###################
##.#######
#....#.......##...#
...........#
#......#####......# ########
...#######.#
#^.#####...#####..###......#
#### #.#
#..'....._.....'.........#.#
.# #.#
#..#####...#####...##.##.#
## #.#
##.....#####..........##@# #
#.#
##.##.........#.#.#####{#
#.##### #.############.#.#
#.# #.....# #...# #.#.. ...
# #.###.# ###.# #+#### #..
## #.###.# #.# .... .##
###..##.# #†## ...⌠ ..##
##.......# #..## .....
...####<.......######...####
...'.......................+
...####...#.#.#######...####
..## ##.#..#.# #..## .##
#.#.##.# .#.# ## #......# #
#. # ###.#### ## #.# #.# #
#.# ## #.# .# #.#
##########.# ...
...........# #.#
.########### ... .# #.# ##
#.#


There were no monsters in sight!

Vanquished Creatures
  A hound (D:3)
  An orc priest (D:3)
  A sleepcap (D:3)
  3 adders (D:2)
  3 worms
  2 dart slugs
  4 orcs (D:3)
  4 bats
  An endoplasm (D:2)
  2 giant cockroaches (D:1)
  6 goblins
  8 hobgoblins
  6 jackals (D:1)
  2 quokkas (D:1)
  4 ball pythons
  7 frilled lizards
  2 kobolds (D:1)
  4 rats (D:1)
61 creatures vanquished.

Notes
Turn   | Place    | Note
-------+----------+-------------------------------------------
     0 | D:1      | Abuh the Demonspawn Fighter began the quest for the Orb.
     0 | D:1      | Reached XP level 1. HP: 18/18 MP: 1/1
    69 | D:1      | Gained mutation: You have large cloven feet. [demonic
                  | ancestry]
    69 | D:1      | Reached XP level 2. HP: 19/24 MP: 2/2
   369 | D:1      | Found a faded altar of an unknown god.
   393 | D:1      | Gained mutation: You may rarely emit foul miasma when
                  | damaged in melee. [demonic ancestry]
   393 | D:1      | Reached XP level 3. HP: 25/29 MP: 3/3
  1169 | D:2      | Reached skill level 4 in Fighting
  1171 | D:2      | Gained mutation: You are partially covered in large bone
                  | plates. (SH +4) [demonic ancestry]
  1171 | D:2      | Reached XP level 4. HP: 36/37 MP: 4/4
  1368 | D:3      | Found an ancient bone altar of Kikubaaqudgha.
  1643 | D:3      | Found a burning altar of Makhleb.
  1647 | D:3      | Became a worshipper of Makhleb the Destroyer
  1743 | D:3      | Reached XP level 5. HP: 36/43 MP: 5/5
  2054 | D:3      | Found a basalt altar of Yredelemnul.
  2123 | D:3      | Noticed a sky beast
  2142 | D:3      | HP: 2/43 [something (2)]
  2142 | D:3      | Slain by a sky beast

Illustrated notes

Levels and vault maps discovered:
D:1:      shiori_arrival_maze, layout_loops_ring,
          hellmonk_ecumenical_altar_run_dry
D:2:      layout_basic, minmay_randomly_rotated_circles
D:3:      layout_loops_corners, marbit_many_paths,
          nicolae_overflow_crystal_walls, kiku_gazebo_pond_becter,
          nemelex_xobeh_ov_fountains_minmay, mainiacjoe_overflow_surrounded_room

Skill      XL: |  1  2  3 |
---------------+----------+-----
Maces & Flails | 2 3 |  3.8
Fighting       | 4 |  4.8
Armour         | |  2.6
Shields        | |  2.6

Action                     |  1- 3 |  4- 6 || total
---------------------------+-------+-------++-------
  Melee: Flail             |   102 |    82 ||   184
         Kick              |    20 |    23 ||    43
    Use: Potion            |       |     3 ||     3
 Armour: Scale mail        |    43 |    32 ||    75
  Dodge: Dodged            |    46 |    33 ||    79
  Block: Buckler           |    22 |    27 ||    49
         Orb               |       |     1 ||     1

Table legend: (Time is in decaauts)
 A = Elapsed time spent in this place.
 B = Non-inter-level travel time spent in this place.
 C = Inter-level travel time spent in this place.
 D = Time resting spent in this place.
 E = Time spent auto-exploring this place.
 F = Levels seen in this place.
 G = Mean time per level.
                   A        B        C        D        E       F      G
               +--------+--------+--------+--------+--------+-----+--------+
         Total |   2195 |   2132 |     63 |    252 |   1357 |   3 |  731.7 |
       Dungeon |   2195 |   2132 |     63 |    252 |   1357 |   3 |  731.7 |
               +--------+--------+--------+--------+--------+-----+--------+

Top non-repeatable levels by time:
     D:3: 825 daAuts
     D:1: 741 daAuts
     D:2: 628 daAuts
